 Dungeon Crawl Stone Soup version 0.30.1-11-g7821555f0a (webtiles) character file.

Game seed: 215203639564475106

567 lonewolfV2 the Fighter (level 7, -6/71 HPs)
             Began as a Minotaur Fighter on Nov 9, 2023.
             Killed by nerve-wracking pain
             ... invoked by Grinder
              (12 damage)
             ... on level 5 of the Dungeon.
             The game lasted 00:04:46 (3707 turns).

lonewolfV2 the Fighter (Minotaur Fighter)           Turns: 3707, Time: 00:04:46

Health: -6/71      AC: 11    Str: 27    XL:     7   Next: 11%
Magic:  6/6        EV:  8    Int:  5    God:
Gold:   203        SH:  4    Dex: 11    Spells: 6/6 levels left

rFire   . . .        a - +0 war axe
rCold   . . .        c - +0 buckler
rNeg    . . .        i - +0 chain mail
rPois   .            (helmet restricted)
rElec   .            (no cloak)
rCorr   .            (no gloves)
SInv    .            n - +1 pair of boots
Will    .....        (no amulet) Stlth
                     j - +6 ring of strength
HPRegen 0.31/turn    (no ring)
MPRegen 0.10/turn

%: no passive effects
@: lethally poisoned (-6 -> -38), invisible
A: horns 2, retaliatory headbutt
a: no special abilities


You were on level 5 of the Dungeon.
You visited 1 branch of the dungeon, and saw 5 of its levels.

You collected 203 gold pieces.

Inventory:

Hand Weapons
 a - a +0 war axe (weapon)
Armour
 b - a +0 scale mail
 c - a +0 buckler (worn)
 i - a +0 chain mail (worn)
 n - a +1 pair of boots (worn)
Jewellery
 j - a +6 ring of strength (left hand)
Wands
 g - a wand of quicksilver (12)
Scrolls
 l - a scroll of teleportation
 t - a scroll of blinking
Potions
 d - 2 potions of might
 e - a potion of brilliance
 f - a potion of berserk rage
 h - a potion of lignification
 k - a potion of resistance {unknown}
 o - a potion of mutation
 p - 2 potions of magic
 q - 2 potions of flight
 s - a potion of degeneration {unknown}


   Skills:
 + Level 9.8 Fighting
 - Level 2.4 Axes
 - Level 3.6 Armour
 - Level 3.6 Shields


You had 6 spell levels left.
You didn't know any spells.
Your spell library contained the following spells:

 Spells                   Type           Power      Damage    Failure   Level
 Summon Small Mammal      Summ           0%         N/A       96%         1
 Lesser Beckoning         Tloc           0%         N/A       99%         2
 Call Canine Familiar     Summ           0%         N/A       100%        3
 Gell's Gravitas          Tloc           0%         N/A       100%        3
 Summon Guardian Golem    Hex/Summ       0%         N/A       100%        3
 Teleport Other           Tloc           0%         N/A       100%        3


Dungeon Overview and Level Annotations

Branches:
Dungeon (5/15)
 Temple: D:4-7

Altars:
Uskayaw
Vehumet

Shops:
D:3 (

Annotations:
D:5 Blork the orc, Grinder


Innate Abilities, Weirdness & Mutations

You have a pair of horns on your head.
You reflexively headbutt those who attack you in melee.


Message History

The ufetubus hits you.
You closely miss Grinder.
Grinder is almost dead.
You barely miss the ufetubus. The ufetubus barely misses you.
You furiously retaliate!
You headbutt the ufetubus!
You kill the ufetubus!
Grinder hits you but does no damage.
You barely miss Grinder. Your headbutt misses Grinder.
Grinder is almost dead.
Grinder hits you!
You writhe in agony.
Grinder gestures at you.
You suddenly lose the ability to move!
Grinder hits you but does no damage.
Blork the orc hits you but does no damage.
Blork the orc hits you with a +1 short sword of venom.
You are poisoned.
Grinder hits you but does no damage.
You feel very sick.
Blork the orc hits you with a +1 short sword of venom.
You are more poisoned.
Grinder blinks!
Blork the orc hits you with a +1 short sword of venom.
You are lethally poisoned!
* * * LOW HITPOINT WARNING * * *
You feel very sick.
Blork the orc hits you with a +1 short sword of venom.
* * * LOW HITPOINT WARNING * * *
You are more poisoned.
Grinder gestures at you.
You struggle to resist.
You can move again.
It was a potion of invisibility.
You fade into invisibility!
* * * LOW HITPOINT WARNING * * *
You feel extremely sick.
Blork the orc hits you but does no damage.
You are more poisoned.
Grinder gestures at you. Pain shoots through your body!
You die...

........... .##
#.......... #..#
##.......... #..###
###5.........
#...#####..........#
#..........?.....#
#........?.....(#
#...............#
#...........ยง@.##
##...#........o.#
#...##.........##
#...##.........#
##..###........##
#...# #........#
#..## ........#
##..# ##........
....###..........


You could see Grinder (unable to see you) and Blork the orc (fast, unable to see
you).

Vanquished Creatures
  2 phantoms (D:4)
  A bullfrog (D:4)
  A hound (D:4)
  Crazy Yiuf (D:3)
  Natasha (thrice) (D:3)
  Terence (D:3)
  2 iguanas
  An orc wizard (D:3)
  4 adders
  2 ufetubi (D:5)
  A worm (D:3)
  2 dart slugs
  6 orcs (D:3)
  3 ball pythons
  5 endoplasms
  3 giant cockroaches
  4 goblins
  3 hobgoblins
  4 quokkas
  6 bats
  3 frilled lizards (D:2)
  11 kobolds
  8 rats
77 creatures vanquished.

Vanquished Creatures (others)
  A bat (D:3)
1 creature vanquished.

Grand Total: 78 creatures vanquished

Notes
Turn   | Place    | Note
-------+----------+-------------------------------------------
     0 | D:1      | lonewolfV2 the Minotaur Fighter began the quest for the
                  | Orb.
     0 | D:1      | Reached XP level 1. HP: 19/19 MP: 0/0
    42 | D:1      | Found a faded altar of an unknown god.
    68 | D:1      | Prayed at the altar of an unknown god.
    68 | D:1      | Became a worshipper of Uskayaw the Reveller
    68 | D:1      | Reached * piety under Uskayaw
    69 | D:1      | Fell from the grace of Uskayaw
    81 | D:1      | Reached skill level 4 in Fighting
   126 | D:1      | Reached XP level 2. HP: 28/28 MP: 1/1
   795 | D:2      | Reached skill level 5 in Fighting
   805 | D:2      | Reached XP level 3. HP: 31/36 MP: 2/2
  1560 | D:3      | Noticed Natasha
  1569 | D:3      | Killed Natasha
  1570 | D:3      | Reached skill level 6 in Fighting
  1570 | D:3      | Reached XP level 4. HP: 35/44 MP: 3/3
  1624 | D:3      | Noticed Natasha
  1629 | D:3      | Killed Natasha
  1630 | D:3      | Reached skill level 7 in Fighting
  1630 | D:3      | Reached XP level 5. HP: 42/52 MP: 4/4
  1673 | D:3      | Noticed Natasha
  1680 | D:3      | Killed Natasha
  1920 | D:3      | Found a runed translucent door.
  1920 | D:3      | Noticed Terence
  1921 | D:3      | Noticed Crazy Yiuf
  2026 | D:3      | Found Lupnetz's Weapon Emporium.
  2123 | D:3      | Found a radiant altar of Vehumet.
  2317 | D:3      | Killed Crazy Yiuf
  2318 | D:3      | Reached skill level 8 in Fighting
  2321 | D:3      | Killed Terence
  2322 | D:3      | Reached XP level 6. HP: 55/61 MP: 5/5
  2638 | D:4      | Paralysed by the fury of Uskayaw for 5 turns
  2813 | D:4      | Reached skill level 9 in Fighting
  3093 | D:4      | Reached XP level 7. HP: 71/71 MP: 6/6
  3648 | D:5      | Entered Level 5 of the Dungeon
  3686 | D:5      | Noticed Grinder
  3691 | D:5      | Paralysed by Grinder for 2 turns
  3698 | D:5      | Noticed Blork the orc
  3702 | D:5      | Paralysed by Grinder for 5 turns
  3707 | D:5      | Killed from afar by Grinder

Illustrated notes

Levels and vault maps discovered:
D:1:      lightli_arrival_windingriver, layout_loops_ring,
          shapermc_ecumenical_altar_starsandcircs, minmay_misc_feat_pillars
D:2:      layout_loops_ring, serial_forest, infiniplex_forest_straight_2,
          infiniplex_forest_clump_double, infiniplex_forest_straight_3,
          infiniplex_forest_end_2, infiniplex_forest_clump_small,
          infiniplex_forest_join, infiniplex_forest_corner_1,
          infiniplex_forest_join
D:3:      layout_rooms, fiery_altar_vehumet, serial_shops, shop,
          uniq_crazy_yiuf_cottage, uniq_terence, uniq_natasha
D:4:      layout_cave_pods, serial_forest, infiniplex_forest_diagonal,
          infiniplex_forest_clump_long, infiniplex_forest_clump_double,
          infiniplex_forest_straight_1, infiniplex_forest_lined_2,
          infiniplex_forest_lined_2, infiniplex_forest_clump_curved,
          infiniplex_forest_lined_4_way, due_unseen_surprise
D:5:      layout_layer_cave, serial_shops, nicolae_shop_rolling_square,
          lexackson_kobold_supper, uniq_grinder, uniq_blork_the_orc

Skill      XL: |  1  2  3  4  5  6 |
---------------+-------------------+-----
Fighting       | 4 5 6 7 8 9 |  9.8
Axes           | |  2.4
Armour         | |  3.6
Shields        | |  3.6

Action                     |  1- 3 |  4- 6 |  7- 9 || total
---------------------------+-------+-------+-------++-------
  Melee: War axe           |    76 |    74 |    19 ||   169
         Headbutt          |    11 |    14 |     7 ||    32
 Invoke: Renounce Religion |     1 |       |       ||     1
    Use: Scroll            |     7 |     3 |     2 ||    12
         Potion            |       |     1 |     1 ||     2
 Armour: Scale mail        |    22 |       |       ||    22
         Chain mail        |    22 |    54 |    16 ||    92
  Dodge: Dodged            |    35 |    29 |     7 ||    71
  Block: Buckler           |    17 |    17 |     2 ||    36
